Construct Section Command Post
Selects Indian Artillery Battlegroup
Selects Indian Artillery Battlegroup
Selects Towed ML 4.2-inch Heavy Mortar
Towed ML 4.2-inch Heavy Mortar
Construct Platoon Command Post
6-pounder Anti-tank Gun Team
Construct Company Command Post
6-pounder Anti-tank Gun Team
Selects Off-map Airburst Barrage
Selects BL5.5 Artillery Emplacement
Selects Gurkha Rifles Section
Selects Volunteer Infantry
Unlock Towed 17-pounder Anti-tank Guns
17-pounder Anti-tank Gun Team
Unlock M3 Grant Medium Tanks